AoeStats
← VitoPedroPiranha

Arabia

510633969Analyzed
2v2 RM · 23h ago on Oct 1, 2026· 52m 16s· 4 players
Game mode
Random Map
Map size
Medium (4 player)
Population
200
Speed
Normal
Resources
Standard
Victory
Conquest
Starting age
Dark Age
Ending age
Imperial Age
RankedLock teamsTeams togetherTeam positionsShared explorationLock speedFull tech treeHidden civsTurbo modeCheats
Victory
Defeat
🇺🇾 Berbers · Uruguay
960
+16
🇺🇾 Magyars · Uruguay
950
+17
🇨🇴 Ethiopians · Colombia
975
-17
🇨🇴 Magyars · Colombia
964
-16
VitoPedroPiranha
0:28 Loom
11:22 Feudal Age
11:53 Double-Bit Axe
22:02 Forging
21:24 Man-at-Arms
23:15 Man-at-Arms
26:19 Scale Mail Armor
33:18 Castle Age
33:32 Bloodlines
33:15 Gold Mining
34:08 Scale Barding Armor
35:20 Chain Barding Armor
35:10 Husbandry
37:40 Iron Casting
39:40 Wheelbarrow
40:35 Stone Mining
44:14 Stone Shaft Mining
46:42 Imperial Age
44:45 Fletching
44:56 Padded Archer Armor
45:20 Ballistics
44:56 Murder Holes
46:55 Bodkin Arrow
47:16 Leather Archer Armor
50:05 Plate Barding Armor
52:59 Blast Furnace
elgs
7:54 Loom
10:11 Feudal Age
11:34 Town Watch
16:03 Double-Bit Axe
18:23 Bloodlines
20:08 Scale Barding Armor
20:33 Gold Mining
24:26 Castle Age
24:53 Stone Mining
25:15 Husbandry
25:39 Chain Barding Armor
31:14 Wheelbarrow
31:56 Corvinian Army
32:38 Bow Saw
34:26 Fletching
34:43 Horse Collar
36:32 Gold Shaft Mining
36:00 Bodkin Arrow
36:33 Hand Cart
37:58 Town Patrol
41:58 Imperial Age
42:46 Thumb Ring
43:08 Parthian Tactics
42:03 Heavy Cavalry Archer
42:46 Elite Magyar Huszar
45:11 Conscription
45:27 Hoardings
45:37 Plate Barding Armor
45:03 Bracer
45:04 Padded Archer Armor
50:35 Leather Archer Armor
52:14 Ring Archer Armor
52:22 Recurve Bow
53:23 Chemistry
52:37 Masonry
52:53 Siege Engineers
ARESGMGG99
6:41 Loom
10:26 Feudal Age
24:42 Castle Age
24:27 Scale Mail Armor
27:37 Chain Mail Armor
31:36 Husbandry
31:49 Bloodlines
32:38 Fletching
35:19 Pikeman
42:15 Imperial Age
42:49 Halberdier
51:07 Arson
rigveri25
5:03 Loom
11:45 Feudal Age
12:37 Double-Bit Axe
12:55 Gold Mining
18:39 Fletching
18:49 Padded Archer Armor
20:23 Padded Archer Armor
20:19 Horse Collar
21:14 Stone Mining
27:48 Castle Age
27:44 Wheelbarrow
28:11 Crossbowman
34:35 Bodkin Arrow
38:30 Thumb Ring
40:30 Hand Cart
40:01 Town Watch
47:58 Imperial Age
46:15 Ballistics
Connection lost

Rejoining the realm…

Still unreachable

The connection could not be restored.

Session expired

The server has moved on; the page needs a fresh start.